 Dungeon Crawl Stone Soup version 0.27.0-1-g7a089689b8 (webtiles) character file.

Game seed: 8088779249159339977

485 sanka the Skirmisher (level 7, -3/61 HPs)
             Began as a Ghoul Arcane Marksman on Aug 4, 2021.
             Slain by Sigmund (11 damage)
             ... on level 4 of the Dungeon.
             The game lasted 00:05:58 (5100 turns).

sanka the Skirmisher (Ghoul Arcane Marksman)        Turns: 5100, Time: 00:05:58

Health: -3/61      AC: 10    Str: 16    XL:     7   Next: 13%
Magic:  7/7        EV:  6    Int:  8    God:
Gold:   138        SH:  0    Dex:  9    Spells: 7/8 levels left

rFire    . . .     SeeInvis .   l - +0 war axe
rCold    + . .     Faith    .   (no shield)
rNeg     + + +     Spirit   .   o - +0 chain mail
rPois    ∞         Reflect  .   h - +0 helmet
rElec    .         Harm     .   p - +0 cloak
rCorr    +         Rampage  .   (no gloves)
Will     .....                  (no boots)
Stlth    ..........             (no amulet)
HPRegen  0.00/turn              q - ring of resist corrosion
MPRegen  0.10/turn              (no ring)

@: inhibited regen
A: claws 1, cold resistance 1, negative energy resistance 3, inhibited
regeneration, torment resistance 2
a: no special abilities


You were on level 4 of the Dungeon.
You visited 1 branch of the dungeon, and saw 4 of its levels.

You collected 138 gold pieces.


Innate Abilities, Weirdness & Mutations

You thrive by killing the living.
You are immune to poison.
You have sharp fingernails.
Your flesh is cold resistant. (rC+)
You are immune to negative energy. (rN+++)
You do not regenerate when monsters are visible.
You are immune to unholy pain and torment.


   Skills:
 - Level 5.0 Fighting
 * Level 5.0 Axes
 - Level 1.7 Throwing
 - Level 1.7 Dodging
 - Level 1.0 Spellcasting
 - Level 2.4 Hexes


You had 7 spell levels left.
You knew the following spells:

 Your Spells              Type           Power      Damage    Failure   Level
Z - Corona                Hex            4%         N/A       97%         1

Your spell library contained the following spells:

 Spells                   Type           Power      Damage    Failure   Level
 Slow                     Hex            4%         N/A       99%         2
 Inner Flame              Hex/Fire       2%         N/A       100%        3
 Portal Projectile        Hex/Tloc       4%         N/A       100%        3
 Cause Fear               Hex            2%         N/A       100%        4

Inventory:

Hand Weapons
 l - a +0 war axe (weapon)
Missiles
 b - 5 javelins
 c - 2 throwing nets {=f}
 r - 14 poisoned darts (quivered)
Armour
 a - a +0 robe
 g - a +0 ring mail
 h - a +0 helmet (worn)
 o - a +0 chain mail (worn)
 p - a +0 cloak (worn)
Jewellery
 q - a ring of resist corrosion (left claw)
Wands
 m - a wand of flame (22)
Scrolls
 d - 3 scrolls of identify {unknown}
 e - a scroll of immolation {unknown}
 f - a scroll of noise {unknown}
 j - 2 scrolls of magic mapping {unknown}
 k - 2 scrolls of enchant weapon {unknown}
 n - a scroll of amnesia {unknown}
 t - a scroll of vulnerability {unknown}
 u - a scroll of acquirement {unknown}
 v - a scroll of teleportation {unknown}
Potions
 i - a potion of berserk rage {unknown}
 s - a potion of flight {unknown}
 w - a potion of resistance {unknown}

Dungeon Overview and Level Annotations

Branches:
Dungeon (4/15)
 Temple: D:4-7

Altars:

Annotations:
D:4 Sigmund

.▒....▒...▒ ▒▒▒▒
.▒.▒▒.▒..P▒ ....
...▒▒.▒..P▒ ... .
▒▒▒▒▒...P.▒ ▒▒▒.▒▒▒▒▒▒..
▒▒).▒▒▒ ▒▒)▒.........
▒..▒(..▒...........▒
▒..▒((....@........)
▒▒.▒▒▒▒▒▒▒▒▒@.▒▒▒▒▒▒▒..▒
▒.........n...........▒
▒▒▒▒▒▒▒▒▒▒............▒
▒▒▒▒▒▒▒▒▒▒▒▒▒▒


You could see Sigmund.


Message History

* * * LOW HITPOINT WARNING * * *
Sigmund hits you but does no damage.
You barely miss Sigmund.
Sigmund is almost dead.
Sigmund whispers, "You'll know eternity soon."
Sigmund hits you with a +0 scythe.
* * * LOW HITPOINT WARNING * * *
Unknown command.
You closely miss Sigmund.
Sigmund is almost dead.
Sigmund points at you and mumbles some strange words.
The magic dart hits you but does no damage.
You hit Sigmund.
Sigmund is almost dead.
Sigmund hits you with a +0 scythe!
* * * LOW HITPOINT WARNING * * *
Sigmund points at you and mumbles some strange words.
The magic dart hits you.
* * * LOW HITPOINT WARNING * * *
Unknown command.
You barely miss Sigmund.
Sigmund is almost dead.
Sigmund casts a spell at you.
The magic dart hits you but does no damage.
Unknown command.
Okay, then.
You barely miss Sigmund.
Sigmund is almost dead.
Sigmund hits you with a +0 scythe!
You die...

Action                   |  1- 3 |  4- 6 |  7- 9 || total
-------------------------+-------+-------+-------++-------
Melee: Unarmed           |   220 |    36 |       ||   256
       War axe           |       |   196 |    24 ||   220
Throw: Throwing net      |       |     1 |       ||     1
       Dart              |       |     5 |     8 ||    13
  Use: Potion            |     1 |       |       ||     1
 Stab: Sleeping          |     1 |       |       ||     1
       Held in net/web   |       |     2 |       ||     2
Armor: Robe              |     7 |       |       ||     7
       Ring mail         |    61 |    48 |       ||   109
       Chain mail        |       |   105 |    17 ||   122
Dodge: Dodged            |   132 |   112 |    12 ||   256

Levels and vault maps discovered:
D:1:      elethiomel_arrival_shortcut, layout_basic,
          shapermc_ecumenical_altar_mp_ritualfount
D:2:      cheibrodos_pilgrimage, layout_loops_cross, minmay_close_crescents
D:3:      layout_basic
D:4:      layout_basic, temple_doors_cd, sigmund_edmund_badplayer

Notes
Turn   | Place    | Note
-------+----------+-------------------------------------------
     0 | D:1      | sanka the Ghoul Arcane Marksman began the quest for the
                  | Orb.
     0 | D:1      | Reached XP level 1. HP: 16/16 MP: 1/1
   367 | D:1      | Reached skill level 2 in Fighting
   383 | D:1      | Reached XP level 2. HP: 21/24 MP: 2/2
   725 | D:1      | Found a faded altar of an unknown god.
  1171 | D:1      | Reached skill level 3 in Fighting
  1466 | D:2      | Reached XP level 3. HP: 30/31 MP: 3/3
  2027 | D:2      | Reached skill level 4 in Fighting
  2096 | D:1      | HP: 3/33 [adder (2)]
  2098 | D:1      | Reached XP level 4. HP: 3/40 MP: 4/4
  2821 | D:2      | Reached skill level 1 in Axes
  2850 | D:2      | Reached XP level 5. HP: 10/47 MP: 5/5
  3726 | D:3      | Noticed an ice beast
  3742 | D:3      | Killed an ice beast
  3743 | D:3      | Reached skill level 5 in Fighting
  3743 | D:3      | Reached skill level 3 in Axes
  3743 | D:3      | Reached XP level 6. HP: 56/56 MP: 6/6
  4760 | D:4      | Reached skill level 4 in Axes
  5007 | D:4      | Reached XP level 7. HP: 61/61 MP: 7/7
  5038 | D:4      | Reached skill level 5 in Axes
  5071 | D:4      | Noticed Sigmund
  5100 | D:4      | Slain by Sigmund

Vanquished Creatures
  An ice beast (D:3)
  An ogre (D:4)
  A hound (D:4)
  A bullfrog skeleton (D:4)
  2 orc priests
  4 gnolls (D:3)
  5 adders
  2 dart slugs
  18 orcs
  9 ball pythons
  4 endoplasms
  3 giant cockroaches
  7 hobgoblins
  7 jackals (D:2)
  5 kobolds
  4 quokkas
  2 bats
  5 frilled lizards
  9 goblins
  5 rats
95 creatures vanquished.
